Map: Year Zero LE

Players

macromore - Winner!

  • Race: Terran Terran
  • League: Diamond
  • Spawn Location: 11:00

VOD

Have the link to the VOD?

Description

Time

  • Played on: Feb. 27, 2019, 2:04 p.m.
  • Length: 15:29
Show
View Real Time Build Order
Export as new Build Order

macromore Terran - Winner!

Build Orders:  

Get SALT Encoding   

  12  0:01  SCV  
  13  0:18  SCV  
  14  0:26  Supply Depot  
  14  0:35  SCV  
  15  0:56  SCV  
  15  0:58  Barracks  
  16  1:10  Refinery  
  16  1:13  SCV  
  17  1:31  SCV  
  18  1:48  SCV  
  19  2:05  Orbital Command  
  20  2:13  Reaper  
  20  2:25  Command Center  
  20  2:40  SCV  
  21  2:57  Barracks Reactor  
  21  2:58  Supply Depot  
  21  3:01  Refinery  
  21  3:02  SCV  
  22  3:19  SCV  
  23  3:28  Factory  
  23  3:36  SCV  
  24  3:51  Marine  
  24  3:52  Marine  
  24  3:58  SCV  
  27  4:09  Orbital Command  
  27  4:15  SCV  
  27  4:17  Marine x2  
  30  4:31  Starport  
  30  4:43  Factory Tech Lab  
  30  4:46  Marine x2  
  30  4:49  SCV x2  
  34  5:06  SCV x2  
  36  5:14  Marine  
  36  5:15  Marine  
  38  5:26  Barracks  
  38  5:28  Barracks  
  38  5:29  Factory Tech Lab  
  38  5:35  Raven  
  40  5:45  Bunker  
  40  5:55  Refinery  
  40  5:56  SCV x2  
  42  6:03  Marine x2  
  44  6:13  SCV x2  
  44  6:16  Supply Depot  
  44  6:18  Supply Depot  
  46  6:33  Supply Depot  
  46  6:46  Factory Reactor, Marine x2  
  46  6:47  Supply Depot  
  48  6:50  Stimpack  
  48  6:54  Unknown  
  48  6:55  Marauder x2, Starport Reactor  
  52  7:08  Supply Depot  
  52  7:11  SCV x2  
  52  7:19  Marine x2  
  56  7:28  SCV x2  
  58  7:30  Widow Mine  
  58  7:31  Widow Mine  
  58  7:33  Engineering Bay  
  58  7:45  SCV x2  
  58  7:46  Supply Depot x2  
  58  7:49  Medivac x2  
  68  7:52  Marine  
  68  7:59  Marauder  
  71  8:00  Marine  
  71  8:03  Widow Mine  
  71  8:04  Marauder, Widow Mine  
  74  8:10  Terran Infantry Weapons Level 1  
  74  8:19  Marine  
  79  8:21  SCV x2  
  81  8:33  Supply Depot  
  81  8:34  Medivac x2  
  81  8:36  Marauder  
  81  8:37  Widow Mine  
  87  8:41  Widow Mine  
  87  8:46  Marine x2  
  87  8:47  Supply Depot  
  91  8:57  SCV  
  91  8:59  SCV, Refinery  
  95  9:06  Marauder  
  97  9:13  Marine x2  
  97  9:14  SCV  
  100  9:23  Supply Depot  
  100  9:24  Medivac x2  
  100  9:25  Widow Mine x2  
  104  9:31  Supply Depot  
  104  9:39  Marauder  
  110  9:58  Widow Mine  
  110  9:59  Widow Mine  
  110  10:00  Supply Depot  
  110  10:01  SCV  
  110  10:02  SCV  
  110  10:06  Marine x2  
  110  10:07  Marauder  
  120  10:18  SCV  
  120  10:19  SCV  
  122  10:20  Marauder  
  122  10:28  Viking  
  126  10:33  Widow Mine  
  126  10:37  Marauder  
  126  10:38  Supply Depot  
  126  10:39  Supply Depot  
  128  10:41  Marine x2  
  132  10:51  SCV x2  
  134  11:08  SCV, Widow Mine  
  134  11:09  Widow Mine  
  135  11:16  Marine  
  135  11:17  Marine x2  
  135  11:18  Marauder  
  135  11:19  Viking  
  121  11:39  Medivac  
  121  11:41  Widow Mine  
  121  11:42  Widow Mine, Marauder  
  123  11:50  Marauder, Marine x2  
  123  11:55  Terran Infantry Armor Level 1  
  123  11:58  Concussive Shells  
  130  12:12  Marauder, SCV x2  
  134  12:20  Supply Depot, Marine x2  
  134  12:29  SCV  
  137  12:34  Widow Mine x2  
  137  12:37  Command Center  
  137  12:39  Marine  
  138  12:42  Marine  
  138  12:45  Marine  
  138  12:47  SCV  
  138  12:48  SCV  
  146  12:59  Supply Depot  
  146  13:00  Marine  
  146  13:04  SCV, Marine  
  146  13:06  Armory  
  149  13:12  Engineering Bay  
  149  13:28  Marauder, Marine x2  
  149  13:29  Marauder  
  155  13:34  Supply Depot  
  153  13:57  Widow Mine x2  
  153  14:05  Marine x2  
  153  14:06  Marauder x2  
  153  14:08  Medivac x2  
  165  14:12  Barracks  
  165  14:15  Barracks  
  165  14:22  Starport  
  165  14:31  Marine x2  
  165  14:34  Widow Mine x2  
  167  14:43  Marauder x2  
  173  14:52  Ghost Academy  
  175  15:14  Starport Tech Lab  
  187  15:20  Barracks Tech Lab  
  187  15:22  Barracks Reactor  
  187  15:26  Supply Depot  
Tags
 
League
Diamond
Matchup
Co-op
Add a new tag
Caveats
  • Supply blocks, unpowered buildings, or Contaminate may cause inaccurate times.
  • Supply counts are checked every 10 seconds.